 Dungeon Crawl Stone Soup version 0.31-a0-486-g8d68a81214 (webtiles) character file.

Game seed: 2194373832509095087

30 AstroCodex24 the Trooper (level 3, -2/29 HPs)
             Began as a Vampire Fighter on Aug 7, 2023.
             Was an Initiate of Nemelex Xobeh.
             Slain by an orc priest
             ... wielding a +0 trident
              (5 damage)
             ... on level 5 of the Dungeon.
             The game lasted 00:02:07 (373 turns).

AstroCodex24 the Trooper (Vampire Fighter)           Turns: 373, Time: 00:02:08

Health: -2/29      AC:  6    Str: 17    XL:     3   Next: 3%
Magic:  3/3        EV:  9    Int: 10    God:    Nemelex Xobeh [......]
Gold:   37         SH:  4    Dex: 13    Spells: 2/2 levels left

rFire   . . .        a - +0 war axe
rCold   . . .        c - +0 buckler
rNeg    . . .        b - +0 scale mail
rPois   .            (no helmet)
rElec   .            (no cloak)
rCorr   .            (no gloves)
SInv    +            (no boots)
Will    .....        (no amulet) Stlth
                     (no ring)
HPRegen 0.44/turn    (no ring)
MPRegen 0.08/turn

%: no passive effects
@: healing quickly
A: alive, fangs 3, see invisible, vampiric 2
a: Exsanguinate, Renounce Religion, Draw Escape, Draw Destruction, Draw
Summoning


You were on level 5 of the Dungeon.
You worshipped Nemelex Xobeh.
Nemelex Xobeh was noncommittal.
You visited 2 branches of the dungeon, and saw 6 of its levels.

You collected 37 gold pieces.

Inventory:

Hand Weapons
 a - a +0 war axe (weapon)
Armour
 b - a +0 scale mail (worn)
 c - a +0 buckler (worn)
Scrolls
 f - 2 scrolls of identify {unknown}
 g - a scroll of teleportation {unknown}
Potions
 d - a potion of might
 e - a potion of heal wounds


   Skills:
 + Level 3.0 Fighting
 + Level 2.2 Axes
 + Level 2.7 Armour
 + Level 0.4 Dodging
 + Level 2.9 Shields


You had 2 spell levels left.
You didn't know any spells.
Your spell library was empty.

Dungeon Overview and Level Annotations

Branches:
Dungeon (5/15)             Temple (1/1) D:5

Altars:
Ashenzari
Cheibriados
Dithmenos
Fedhas
Hepliaklqana
Makhleb
Nemelex Xobeh
Sif Muna
Vehumet
Wu Jian
Xom


Innate Abilities, Weirdness & Mutations

Your natural rate of healing is accelerated.
You have razor-sharp teeth.
You have supernaturally acute eyesight. (SInv)
You are afflicted with vampirism and can become a bat while bloodless.


Message History

There is a staircase to the Ecumenical Temple here.
There is a dry fountain here.
An orc wizard comes into view. It is wielding a +0 dagger.
The orc wizard shouts!
You hear a shout!
An orc priest comes into view. It is wielding a +0 trident.
An orc comes into view. It is wielding a +0 hand axe.
The orc wizard casts a spell at you. The magic dart hits you!
The orc shouts!
You hit the orc wizard but do no damage.
Your bite misses the orc wizard.
The orc priest invokes the aid of Beogh against you.
Beogh smites you!
The orc priest hits you from afar with a +0 trident.
The orc wizard misses you.
You closely miss the orc. You bite the orc.
The orc is moderately wounded.
You slash the orc wizard!
The orc priest hits you from afar with a +0 trident.
The orc closely misses you.
The orc wizard hits you but does no damage.
An orc comes into view. It is wielding a +0 whip.
The orc priest barely misses you. The orc misses you.
You closely miss the orc.
The orc is moderately wounded.
The orc closely misses you.
The orc priest hits you from afar with a +0 trident.
You barely miss the orc wizard.
The orc wizard is moderately wounded.
The orc priest hits you from afar with a +0 trident.
* * * LOW HITPOINT WARNING * * *
The orc wizard casts a spell at you. The magic dart hits you.
* * * LOW HITPOINT WARNING * * *
You barely miss the orc wizard.
You bite the orc wizard, but do no damage.
The orc wizard is moderately wounded.
The orc priest hits you from afar with a +0 trident.
You die...
Your body disappears without a glow.

###...#
#.....#
#.#...#
#.##### #.#
#.# #.####
#########....#
.......@oo##.#
#########o# .#
#..# .# #o##
.# ... . #.#
#.. #..


You could see an orc priest, an orc wizard and an orc.

Vanquished Creatures
  An adder (D:5)
  An ufetubus (D:5)
  A worm (D:3)
  An orc (D:3)
  An endoplasm (D:1)
  A goblin (D:2)
  A hobgoblin (D:1)
  2 kobolds
  2 bats
  A frilled lizard (D:1)
12 creatures vanquished.

Notes
Turn   | Place    | Note
-------+----------+-------------------------------------------
     0 | D:1      | AstroCodex24 the Vampire Fighter began the quest for the
                  | Orb.
     0 | D:1      | Reached XP level 1. HP: 17/17 MP: 1/1
   148 | D:2      | Reached XP level 2. HP: 20/23 MP: 2/2
   219 | D:5      | Entered Level 5 of the Dungeon
   224 | D:5      | Found a staircase to the Ecumenical Temple.
   245 | D:5      | Reached skill level 3 in Fighting
   245 | D:5      | Gained mutation: You are afflicted with vampirism and can
                  | become a bat while bloodless. [Vampire growth]
   245 | D:5      | Reached XP level 3. HP: 4/29 MP: 3/3
   322 | Temple   | Entered the Ecumenical Temple
   332 | Temple   | Became a worshipper of Nemelex Xobeh the Trickster
   373 | D:5      | Slain by an orc priest

Illustrated notes

Levels and vault maps discovered:
D:1:      dpeg_arrival_pits, layout_basic
D:2:      layout_basic, serial_shops, shop, minmay_ruptured
D:3:      layout_basic, grunt_ministairs_7, uniq_natasha, uniq_jessica,
          uniq_crazy_yiuf_cottage
D:4:      layout_cave_pods, chequers_temple_overflow_minitemple, serial_glass,
          glass_columns_a, glass_columns_a, glass_columns_a, glass_columns_a,
          glass_columns_a, glass_columns_a, glass_columns_a, glass_columns_a,
          biasface_ghost_orc_armoury
D:5:      layout_loops_ring, grunt_temple_overflow_holy_war,
          minmay_temple_entry_junction, minmay_increasing_density, uniq_ijyb
Temple:   nicolae_temple_slightly_damp_pantheon

Skill      XL: |  1  2 |
---------------+-------+-----
Axes           | 2 |  2.2
Fighting       | 3 |  3.0
Armour         | |  2.7
Dodging        | |  0.4
Shields        | |  2.9

Action                     || total
---------------------------++-------
  Melee: War axe           ||    48
         Bite              ||     4
    Use: Potion            ||     1
 Armour: Scale mail        ||    30
  Dodge: Dodged            ||    44
  Block: Buckler           ||    12

Table legend: (Time is in decaauts)
 A = Elapsed time spent in this place.
 B = Non-inter-level travel time spent in this place.
 C = Inter-level travel time spent in this place.
 D = Time resting spent in this place.
 E = Time spent auto-exploring this place.
 F = Levels seen in this place.
 G = Mean time per level.
                   A        B        C        D        E       F      G
               +--------+--------+--------+--------+--------+-----+--------+
         Total |    392 |    375 |     17 |      0 |      0 |   6 |   65.3 |
       Dungeon |    372 |    355 |     17 |      0 |      0 |   5 |   74.4 |
        Temple |     20 |     20 |      0 |      0 |      0 |   1 |   20.0 |
               +--------+--------+--------+--------+--------+-----+--------+

Top non-repeatable levels by time:
     D:5: 142 daAuts
     D:1: 131 daAuts
     D:2: 38 daAuts
     D:3: 30 daAuts
     D:4: 29 daAuts
  Temple: 20 daAuts
